 Dungeon Crawl Stone Soup version 0.31-a0-931-g7b59d4eb97 (webtiles) character file.

Game seed: 16793630225828507056

2502 MachoJfn the Thaumaturge (level 9, -4/55 HPs)
             Began as a Djinni Hedge Wizard on Oct 18, 2023.
             Was a Plaything of Xom.
             Slain by a yak (12 damage)
             ... on level 7 of the Dungeon on Oct 19, 2023.
             The game lasted 00:30:58 (8378 turns).

MachoJfn the Thaumaturge (Djinni Hedge Wizard)      Turns: 8378, Time: 00:31:00

Health: -4/55      AC:  8    Str:  8    XL:     9   Next: 82%
Gold:   911        EV: 14    Int: 19    God:    Xom [.....*] SH:  0 Dex: 17

rFire   + + .        k - +4 spear (freeze)
rCold   x . .        (no shield)
rNeg    + . .        b - +0 robe
rPois   ∞            h - +0 helmet
rElec   .            (no cloak)
rCorr   .            (no gloves)
SInv    .            (boots unavailable)
Will    .....        (no amulet)
Stlth   +++          l - +4 ring of protection
HPRegen 0.29/turn    e - ring of positive energy
MPRegen 0.00/turn

%: infuse magic (-5 HP)
@: flying
A: sickness immunity, fire resistance 2, cold vulnerability 1, float, innate
caster, HP casting, extra vitality 1, fangs 1, iridescent scales 1, agile 1,
deformed body
a: Renounce Religion


You were on level 7 of the Dungeon.
You worshipped Xom.
You were Xom's teddy bear.
You visited 1 branch of the dungeon, and saw 8 of its levels.

You collected 1041 gold pieces.
You spent 130 gold pieces at shops.

Inventory:

Hand Weapons
 k - a +4 spear of freezing (weapon)
 r - the +7 mace "Niasoiwn" {heavy, rF- Str+4}
   (Xom gifted it to you on level 6 of the Dungeon)

   Str+4:     It affects your strength (+4).
   rF-:       It makes you vulnerable to fire.
Missiles
 c - 3 poisoned darts
 d - 61 stones
Armour
 b - a +0 robe (worn)
 h - a +0 helmet (worn)
Jewellery
 e - a ring of positive energy (right hand)
 l - a +4 ring of protection (left hand)
Wands
 p - a wand of flame (12)
 u - a wand of polymorph (9)
 v - a wand of acid (13)
Scrolls
 a - a scroll of fog
 j - 2 scrolls of teleportation
 m - 4 scrolls of identify
 t - a scroll of blinking
 z - 2 scrolls of poison
Potions
 f - 2 potions of attraction
 g - a potion of brilliance
 s - a potion of enlightenment
 A - 2 potions of heal wounds
 B - 2 potions of curing


   Skills:
 + Level 5.1 Dodging
 + Level 3.7 Stealth
 + Level 8.9 Spellcasting
 + Level 8.9 Conjurations
 + Level 8.9 Hexes
 + Level 8.9 Summonings
 + Level 8.9 Necromancy
 + Level 8.9 Translocations
 + Level 8.9 Transmutations
 + Level 8.9 Fire Magic
 + Level 8.9 Ice Magic
 + Level 8.9 Air Magic
 + Level 8.9 Earth Magic
 + Level 8.9 Poison Magic


You knew the following spells:

 Your Spells              Type           Power      Damage    Failure   Level
a - Magic Dart            Conj           100%       1d8       1%          1
b - Slow                  Hex            100%       N/A       1%          1
c - Blink                 Tloc           84%        N/A       1%          2
d - Call Imp              Summ           84%        N/A       1%          2
e - Mephitic Cloud        Conj/Pois/Air  42%        N/A       1%          3
f - Apportation           Tloc           84%        N/A       1%          1
g - Passwall              Tmut/Erth      35%        N/A       1%          2
h - Wereblood             Tmut           42%        N/A       1%          2
i - Call Canine Familiar  Summ           42%        N/A       1%          3
Your spell library was empty.

Dungeon Overview and Level Annotations

Branches:
Dungeon (8/15)             Temple (0/1) D:5
   Lair: D:8-11

Altars:
Dithmenos
Fedhas
Wu Jian
Xom

Shops:
D:7 !

Annotations:
D:5 1 runed translucent door, Ekaitz's ghost, novice OpEE


Innate Abilities, Weirdness & Mutations

You are immune to sickness and miasma.
You are immune to poison.
Your flesh is very heat resistant. (rF++)
You are vulnerable to cold. (rC-)
You float through the air rather than walking.
You learn spells naturally, not from books.
Your magical power is your life essence.
You have superior vitality. (+4 MHP)
You have very sharp teeth.
You are partially covered in iridescent scales. (AC +2)
You are agile. (Dex +4, Str/Int -1)
Armour fits poorly on your strangely shaped body.


Message History

The gnoll hits you from afar with a +0 halberd.
Unknown command.
Casting: Magic Dart (safe; 1% risk of failure)
Confirm with . or Enter, or press ? or * to list all spells.
You blink. 3 yaks come into view.
The yak bellows! x2; You hear a bellow!
A yak comes into view.
Blink to where?
Press: ? - help, Dir - move target
As you read the scroll of blinking, it crumbles to dust.
A yak comes into view.
There is a stone staircase leading up here.
You fly upwards.
You feel ready to blink again.
There is a stone staircase leading down here.
You start resting.
Your cleaving frenzy subsides.
You start resting.
HP restored.
You fly downwards.
The gnoll misses you.
The yak gores you but does no damage. x2
The yak closely misses you.
A wight comes into view. It is wielding a +0 great sword.
The gnoll hits you with a +0 flail of venom.
The yak gores you! The yak barely misses you. The yak misses you.
The gnoll closely misses you. The gnoll misses you. The yak barely misses you.
The wight moves out of view.
There is a stone staircase leading up here.
The gnoll hits you with a +0 flail of venom.
The yak gores you! The gnoll hits you but does no damage. The yak misses you.
The gnoll closely misses you. The yak barely misses you. The yak gores you!
You fly upwards.
There is a stone staircase leading down here.
Casting: Blink (safe; 1% risk of failure)
Confirm with . or Enter, or press ? or * to list all spells.
The gnoll closely misses you. The yak completely misses you. The yak gores you!
* * * LOW HITPOINT WARNING * * *
The yak completely misses you. The yak gores you!
You die...
Xom titters!

........# #........ ........#
#........ ........# ####
#...##### #########
######..##########.
#........#.........
#........'.........
#........#.........
##########....##... ####
#######Y@Y.....#....##... ...#
#......YgY.....'......... ...#
#......h.......#......... ...#
#..............###'###... ...#
#....................####
...######......#####'##..........
#........#######......#..........
.........#.......))...#..........
...#.....#.......†....#..........


You could see 4 yaks, a gnoll and a friendly wolf (summoned).

Vanquished Creatures
  A wyvern (D:8)
  2 water moccasins (D:6)
  An ogre (D:6)
  Blork the orc (D:4)
  A bullfrog (D:7)
  2 scorpions (D:5)
  2 howler monkeys (D:7)
  A jelly (D:4)
  2 hounds
  A gnoll bouda (D:7)
  A sleepcap (D:6)
  4 iguanas
  2 orc wizards (D:6)
  8 gnolls
  8 adders
  A shadow imp (D:5)
  A white imp (D:5)
  3 dart slugs (D:1)
  19 orcs
  5 ball pythons
  5 endoplasms
  3 giant cockroaches
  5 goblins
  3 hobgoblins
  A jackal (D:1)
  4 kobolds
  4 quokkas
  5 bats
  3 frilled lizards
  4 rats
103 creatures vanquished.

Vanquished Creatures (collateral kills)
  Grinder (D:5)
  The ghost of Bosh the Covered, an amateur HOFi (D:6)
  A water moccasin (D:6)
  An ice beast (D:7)
  2 sky beasts (D:7)
  An ogre (D:5)
  A gnoll sergeant (D:7)
  A scorpion (D:4)
  An orc priest (D:5)
  4 hounds
  An iguana (D:7)
  3 gnolls (D:7)
  4 adders
  2 orcs (D:5)
  A ball python (D:2)
  An endoplasm (D:3)
  A giant cockroach (D:4)
  A goblin (D:1)
  3 jackals (D:1)
31 creatures vanquished.

Grand Total: 134 creatures vanquished

Notes
Turn   | Place    | Note
-------+----------+-------------------------------------------
     0 | D:1      | MachoJfn the Djinni Hedge Wizard began the quest for the
                  | Orb.
     0 | D:1      | MachoJfn set off with the following spells memorised: Magic
                  | Dart, Slow, Blink, Call Imp, Mephitic Cloud.
     0 | D:1      | Reached XP level 1. HP: 15/15 MP: 0/0
   157 | D:1      | Reached XP level 2. HP: 18/21 MP: 0/0
   538 | D:1      | Reached XP level 3. HP: 24/25 MP: 0/0
   538 | D:1      | Learned a level 1 spell: Apportation
  1119 | D:2      | Reached XP level 4. HP: 26/31 MP: 0/0
  1457 | D:2      | Upgraded the game from 0.31-a0-925-g0a390f2509 to
                  | 0.31-a0-931-g7b59d4eb97
  1555 | D:2      | Found a faded altar of an unknown god.
  1565 | D:2      | Prayed at the altar of an unknown god.
  1565 | D:2      | Became a worshipper of Xom of Chaos
  1786 | D:2      | XOM: silly message
  1888 | D:3      | Reached XP level 5. HP: 32/35 MP: 0/0
  1888 | D:3      | Learned a level 2 spell: Passwall
  1964 | D:3      | Found a shadowy altar of Dithmenos.
  1984 | D:3      | XOM: divination: magic mapping
  2116 | D:3      | XOM: divination: detect items
  2303 | D:3      | XOM: 1-stop teleportation journey
  2727 | D:4      | XOM: noise
  2748 | D:4      | Reached XP level 6. HP: 35/40 MP: 0/0
  2758 | D:4      | XOM: cloud trail
  2787 | D:4      | XOM: 2-stop teleportation journey
  2879 | D:4      | XOM: 2-stop teleportation journey
  2955 | D:4      | Noticed Blork the orc
  2967 | D:4      | Killed Blork the orc
  3062 | D:4      | Reached skill level 5 in Spellcasting
  3062 | D:4      | Reached skill level 5 in Conjurations
  3062 | D:4      | Reached skill level 5 in Hexes
  3062 | D:4      | Reached skill level 5 in Summonings
  3062 | D:4      | Reached skill level 5 in Necromancy
  3062 | D:4      | Reached skill level 5 in Translocations
  3062 | D:4      | Reached skill level 5 in Transmutations
  3062 | D:4      | Reached skill level 5 in Fire Magic
  3062 | D:4      | Reached skill level 5 in Ice Magic
  3062 | D:4      | Reached skill level 5 in Air Magic
  3062 | D:4      | Reached skill level 5 in Earth Magic
  3062 | D:4      | Reached skill level 5 in Poison Magic
  3062 | D:4      | Reached XP level 7. HP: 38/45 MP: 0/0
  3062 | D:4      | Learned a level 2 spell: Wereblood
  3078 | D:4      | XOM: silly message
  3503 | D:4      | XOM: god gift: copper wand {god gift}
  3828 | D:5      | Entered Level 5 of the Dungeon
  4226 | D:5      | Gained mutation: You are agile. (Dex +4, Str/Int -1)
                  | [potion of mutation]
  4226 | D:5      | Gained mutation: Armour fits poorly on your strangely
                  | shaped body. [potion of mutation]
  4231 | D:5      | Noticed Grinder
  4232 | D:5      | XOM: divination: detect creatures
  4233 | D:5      | XOM: summons 3 friendly demons
  4242 | D:5      | Killed Grinder
  4243 | D:5      | Reached XP level 8. HP: 23/50 MP: 0/0
  4478 | D:5      | XOM: cloud trail
  4697 | D:5      | Found a staircase to the Ecumenical Temple.
  4770 | D:5      | XOM: 5-stop teleportation journey
  4952 | D:5      | Found a runed translucent door.
  4968 | D:5      | Noticed Ekaitz's ghost (novice OpEE)
  5679 | D:6      | XOM: cast spell 'Cause Fear'
  5807 | D:6      | XOM: god gift: fine mace {god gift}
  5807 | D:6      | Identified the +7 mace "Niasoiwn" {heavy, rF- Str+4} (Xom
                  | gifted it to you on level 6 of the Dungeon)
  5947 | D:6      | XOM: silly message
  6333 | D:6      | Identified the +4 scale mail of Least Resistance {Harm}
  6385 | D:6      | Reached XP level 9. HP: 46/55 MP: 0/0
  6385 | D:6      | Learned a level 3 spell: Call Canine Familiar
  6670 | D:6      | Found a runed translucent door.
  6671 | D:6      | Noticed Bosh's ghost (amateur HOFi)
  6774 | D:6      | XOM: divination: detect items
  6787 | D:6      | Killed Bosh's ghost
  6846 | D:6      | XOM: scenery: summon butterflies
  6997 | D:7      | Found an ornate altar of the Wu Jian Council.
  7114 | D:7      | XOM: god gift: 601 gold pieces
  7198 | D:7      | Found a blossoming altar of Fedhas.
  7222 | D:7      | Found Fegesohu's Distillery.
  7230 | D:7      | Bought 2 potions of heal wounds for 100 gold pieces
  7230 | D:7      | Bought a potion of curing for 30 gold pieces
  7409 | D:6      | XOM: scenery: create altars
  7448 | D:6      | XOM: scenery: create altars
  7953 | D:7      | Reached skill level 5 in Dodging
  8105 | D:7      | XOM: divination: detect creatures
  8149 | D:7      | XOM: give mutations
  8149 | D:7      | Gained mutation: You are partially covered in iridescent
                  | scales. (AC +2) [Xom's grace]
  8149 | D:7      | Gained mutation: You have very sharp teeth. [Xom's grace]
  8245 | D:8      | XOM: scenery: create altars
  8246 | D:8      | XOM: cleaving
  8378 | D:7      | Slain by a yak

Illustrated notes

Levels and vault maps discovered:
D:1:      evilmike_arrival_rings, layout_basic
D:2:      layout_rooms, dreamdust_ecumenical_altar_angels_and_demons,
          minivault_25, minmay_shallow_snake_nest
D:3:      layout_basic, nicolae_overflow_hidden_temple, eino_tiny_chamber,
          minmay_bisected
D:4:      layout_layer_cave, uniq_blork_the_orc
D:5:      layout_layer_cave, minmay_temple_entry_large_hall,
          ebering_ghost_reflecting_pool, grunt_decor_mini_mirrors, st_stairs_6,
          uniq_grinder
D:6:      layout_rooms, gammafunk_ghost_grave
D:7:      layout_gridville, mainiacjoe_overflow_catch_the_wave, serial_shops,
          shop
D:8:      layout_gridville, marbit_many_paths, nicolae_houndstooth_variations

Skill      XL: |  1  2  3  4  5  6  7  8  9 |
---------------+----------------------------+-----
Stealth        | 2 3 |  3.7
Spellcasting   | 3 4 5 6 7 8 |  8.9
Conjurations   | 3 4 5 6 7 8 |  8.9
Hexes          | 3 4 5 6 7 8 |  8.9
Summonings     | 3 4 5 6 7 8 |  8.9
Necromancy     | 3 4 5 6 7 8 |  8.9
Translocations | 3 4 5 6 7 8 |  8.9
Transmutations | 3 4 5 6 7 8 |  8.9
Fire Magic     | 3 4 5 6 7 8 |  8.9
Ice Magic      | 3 4 5 6 7 8 |  8.9
Air Magic      | 3 4 5 6 7 8 |  8.9
Earth Magic    | 3 4 5 6 7 8 |  8.9
Poison Magic   | 3 4 5 6 7 8 |  8.9
Dodging        | 3 4 5 |  5.1

Action                     |  1- 3 |  4- 6 |  7- 9 || total
---------------------------+-------+-------+-------++-------
  Melee: Dagger            |       |     1 |       ||     1
   Cast: Magic Dart        |    65 |   131 |   235 ||   431
         Slow              |     4 |     6 |    26 ||    36
         Call Imp          |     2 |    16 |    28 ||    46
         Blink             |     1 |     2 |    16 ||    19
         Passwall          |       |     2 |       ||     2
         Mephitic Cloud    |       |       |     1 ||     1
         Wereblood         |       |       |     1 ||     1
         Call Canine Famil |       |       |    26 ||    26
    Use: Scroll            |     4 |     2 |    12 ||    18
         Potion            |       |       |     5 ||     5
 Armour: Robe              |    10 |    17 |    65 ||    92
  Dodge: Dodged            |    11 |    30 |    59 ||   100

Table legend: (Time is in decaauts)
 A = Elapsed time spent in this place.
 B = Non-inter-level travel time spent in this place.
 C = Inter-level travel time spent in this place.
 D = Time resting spent in this place.
 E = Time spent auto-exploring this place.
 F = Levels seen in this place.
 G = Mean time per level.
                   A        B        C        D        E       F      G
               +--------+--------+--------+--------+--------+-----+--------+
         Total |   8387 |   7993 |    394 |   2070 |   4693 |   8 | 1048.4 |
       Dungeon |   8387 |   7993 |    394 |   2070 |   4693 |   8 | 1048.4 |
               +--------+--------+--------+--------+--------+-----+--------+

Top non-repeatable levels by time:
     D:5: 1725 daAuts
     D:6: 1578 daAuts
     D:7: 1213 daAuts
     D:4: 1198 daAuts
     D:1: 1055 daAuts
     D:3: 800 daAuts
     D:2: 770 daAuts
     D:8: 46 daAuts
